NCAA
XAVIER MUSKETEERS @ SOUTHERN CALIFORNIA TROJANS
04/05/2028
 
TOP OF THE 1ST
Xavier Musketeers batting - Pitching for Southern California Trojans : LHP Mike O'Lornasay
Pitching: LHP Mike O'Lornasay
Batting: RHB Art Cornell 0-0: Called Strike
0-1: Ball
1-1: Ball
2-1: Ground out 6-3 (Groundball, 6)
Batting: RHB Florentino López 0-0: Ball
1-0: DOUBLE (Line Drive, 9LM)
Batting: LHB Freddy Torres 0-0: Ball
1-0: Fly out, F7 (Line Drive, 78S)
Batting: RHB Jeff Lawrence 0-0: Ball
1-0: Ball
2-0: Foul Ball, location: 2F
2-1: Swinging Strike
2-2: Foul Ball, location: 2F
2-2: Foul Ball, location: 2F
2-2: Ball
3-2: Base on Balls
Batting: LHB Luis Martínez 0-0: Ball
1-0: Ball
2-0: Ball
3-0: Called Strike
3-1: Called Strike
3-2: Base on Balls
Florentino López to third
Jeff Lawrence to second
Batting: LHB Pancho Robles 0-0: Ball
1-0: Ball
2-0: Called Strike
2-1: Ball
3-1: Foul Ball, location: 2F
3-2: Strikes out looking
Top of the 1st over - 0 run(s), 1 hit(s), 0 error(s), 3 left on base; Xavier 0 - Southern California 0
BOTTOM OF THE 1ST
Southern California Trojans batting - Pitching for Xavier Musketeers : RHP Brit Mays
Pitching: RHP Brit Mays
Batting: RHB Ben Byrd 0-0: Foul Ball, location: 2F
0-1: Fly out, F9 (Flyball, 9S)
Batting: RHB John Fergusson 0-0: Ball
1-0: Ball
2-0: Ball
3-0: Foul Ball, location: 2F
3-1: Base on Balls
Batting: LHB Kel Smith 0-0: Ball
1-0: Foul Ball, location: 2F
1-1: Ball
2-1: Called Strike
2-2: Foul Ball, location: 2F
2-2: Ball
3-2: Grounds into double play, 4-6-3 (Groundball, 4)
Bottom of the 1st over - 0 run(s), 0 hit(s), 0 error(s), 0 left on base; Xavier 0 - Southern California 0
TOP OF THE 2ND
Xavier Musketeers batting - Pitching for Southern California Trojans : LHP Mike O'Lornasay
Batting: RHB Les Rupp 0-0: Foul Ball, location: 2F
0-1: Foul Ball, location: 2F
0-2: Ball
1-2: SINGLE (Groundball, 56S) (infield hit)
Batting: RHB Bobby Doyle 0-0: Ball
1-0: Ball
2-0: Ball
3-0: Base on Balls
Les Rupp to second
Batting: LHB Bobby Meegan 0-0: Called Strike
0-1: Swinging Strike
0-2: Strikes out swinging
Batting: RHB Art Cornell 0-0: Called Strike
0-1: Foul Ball, location: 2F
0-2: Ball
1-2: Ball
2-2: Ball
3-2: Strikes out swinging
Batting: RHB Florentino López 0-0: Swinging Strike
0-1: Ball
1-1: Ball
2-1: Swinging Strike
2-2: Foul Ball, location: 2F
2-2: Ball
3-2: Base on Balls
Les Rupp to third
Bobby Doyle to second
Batting: LHB Freddy Torres 0-0: Swinging Strike
0-1: Called Strike
0-2: Strikes out looking
Top of the 2nd over - 0 run(s), 1 hit(s), 0 error(s), 3 left on base; Xavier 0 - Southern California 0
BOTTOM OF THE 2ND
Southern California Trojans batting - Pitching for Xavier Musketeers : RHP Brit Mays
Batting: RHB Mike Carter 0-0: Ball
1-0: Ground out 6-3 (Groundball, 6)
Batting: LHB Steve Herman 0-0: Foul Ball, location: 2F
0-1: Ball
1-1: SOLO HOME RUN (Flyball, 8RXD), Distance : 384 ft
Batting: RHB Eddy Davenport 0-0: Swinging Strike
0-1: Swinging Strike
0-2: Strikes out looking
Batting: LHB Gene Riddle 0-0: SINGLE (Line Drive, 8LS)
Batting: SHB Will O'Clerkin 0-0: Called Strike
0-1: Swinging Strike
0-2: Foul Ball, location: 2F
0-2: Ball
1-2: Ball
2-2: Strikes out swinging
Bottom of the 2nd over - 1 run(s), 2 hit(s), 0 error(s), 1 left on base; Xavier 0 - Southern California 1
TOP OF THE 3RD
Xavier Musketeers batting - Pitching for Southern California Trojans : LHP Mike O'Lornasay
Batting: RHB Jeff Lawrence 0-0: Ball
1-0: Ground out 6-3 (Groundball, 6S)
Batting: LHB Luis Martínez 0-0: Called Strike
0-1: Foul Ball, location: 2F
0-2: Ball
1-2: Ball
2-2: Ball
3-2: SOLO HOME RUN (Flyball, 89XD), Distance : 381 ft
Batting: LHB Pancho Robles 0-0: Ball
1-0: Ball
2-0: Ball
3-0: Called Strike
3-1: Called Strike
3-2: Fly out, F8 (Flyball, 8RM)
Batting: RHB Les Rupp 0-0: Ground out 6-3 (Groundball, 6)
Top of the 3rd over - 1 run(s), 1 hit(s), 0 error(s), 0 left on base; Xavier 1 - Southern California 1
BOTTOM OF THE 3RD
Southern California Trojans batting - Pitching for Xavier Musketeers : RHP Brit Mays
Batting: RHB Ben Martínez 0-0: Foul Ball, location: 2F
0-1: Foul Ball, location: 2F
0-2: Foul Ball, location: 2F
0-2: Ball
1-2: Ground out 6-3 (Groundball, 6)
Batting: RHB Ben Byrd 0-0: Ball
1-0: Swinging Strike
1-1: Foul Ball, location: 2F
1-2: Foul Ball, location: 2F
1-2: Foul Ball, location: 2F
1-2: Foul Ball, location: 2F
1-2: Foul Ball, location: 2F
1-2: Ball
2-2: Ball
3-2: SINGLE (Groundball, 4S) (infield hit)
Batting: RHB John Fergusson 0-0: Ball
1-0: Ball
2-0: Ball
3-0: Called Strike
3-1: Swinging Strike
3-2: Foul Ball, location: 2F
3-2: Strikes out swinging
Batting: LHB Kel Smith 0-0: Ball
1-0: Ball
2-0: Ball
3-0: Base on Balls
Ben Byrd to second
Batting: RHB Mike Carter 0-0: Foul Ball, location: 2F
0-1: Ball
1-1: Swinging Strike
1-2: Strikes out swinging
Bottom of the 3rd over - 0 run(s), 1 hit(s), 0 error(s), 2 left on base; Xavier 1 - Southern California 1
TOP OF THE 4TH
Xavier Musketeers batting - Pitching for Southern California Trojans : LHP Mike O'Lornasay
Batting: RHB Bobby Doyle 0-0: Ball
1-0: Called Strike
1-1: Foul Ball, location: 2F
1-2: Strikes out swinging
Batting: LHB Bobby Meegan 0-0: Ball
1-0: Ball
2-0: Ball
3-0: Base on Balls
Batting: RHB Art Cornell 0-0: Called Strike
0-1: Ball
1-1: Foul Ball, location: 2F
1-2: Ball
2-2: Grounds into double play, 4-6-3 (Groundball, 4)
Top of the 4th over - 0 run(s), 0 hit(s), 0 error(s), 0 left on base; Xavier 1 - Southern California 1
BOTTOM OF THE 4TH
Southern California Trojans batting - Pitching for Xavier Musketeers : RHP Brit Mays
Batting: LHB Steve Herman 0-0: Ball
1-0: Called Strike
1-1: Foul Ball, location: 2F
1-2: Ball
2-2: Foul Ball, location: 2F
2-2: Strikes out swinging
Batting: RHB Eddy Davenport 0-0: Ball
1-0: Called Strike
1-1: Ball
2-1: Called Strike
2-2: Fly out, F8 (Flyball, 8RM)
Batting: LHB Gene Riddle 0-0: Called Strike
0-1: DOUBLE (Line Drive, 7LM)
Batting: SHB Will O'Clerkin 0-0: Called Strike
0-1: Fly out, F7 (Flyball, 7)
Bottom of the 4th over - 0 run(s), 1 hit(s), 0 error(s), 1 left on base; Xavier 1 - Southern California 1
TOP OF THE 5TH
Xavier Musketeers batting - Pitching for Southern California Trojans : LHP Mike O'Lornasay
Pitching: RHP Carlos Encarnación
Batting: RHB Florentino López 0-0: Ball
1-0: Ball
2-0: Ground out 4-3 (Groundball, 4)
Batting: LHB Freddy Torres 0-0: Ball
1-0: Ground out 4-3 (Groundball, 4)
Batting: RHB Jeff Lawrence 0-0: Ball
1-0: Called Strike
1-1: Ball
2-1: DOUBLE (Groundball, 5L)
Batting: LHB Luis Martínez 0-0: Called Strike
0-1: SINGLE (Line Drive, 7LS)
Jeff Lawrence to third
Runner from 3rd tries for Home, SAFE, no throw
Batting: LHB Pancho Robles 0-0: Ball
1-0: Ball
Luis Martínez steals 2nd base
2-0: DOUBLE (Line Drive, 5D)
Luis Martínez scores
Batting: RHB Les Rupp 0-0: Ball
1-0: Swinging Strike
1-1: Ball
2-1: Foul Ball, location: 2F
2-2: Ball
3-2: Fly out, F9 (Flyball, 9)
Top of the 5th over - 2 run(s), 3 hit(s), 0 error(s), 1 left on base; Xavier 3 - Southern California 1
BOTTOM OF THE 5TH
Southern California Trojans batting - Pitching for Xavier Musketeers : RHP Brit Mays
Batting: RHB Ben Martínez 0-0: Ground out 6-3 (Groundball, 6)
Batting: RHB Ben Byrd 0-0: Ball
1-0: Ball
2-0: Ball
3-0: Called Strike
3-1: Base on Balls
Pitching: RHP Clyde Fisher
Batting: RHB John Fergusson 0-0: Ball
Ben Byrd steals 2nd base
1-0: Ball
2-0: Fly out, F4 (Popup, 34D)
Batting: LHB Kel Smith 0-0: Ball
1-0: Called Strike
1-1: Reached via error on a dropped throw, E3
Ben Byrd to third
Batting: RHB Mike Carter 0-0: Foul Ball, location: 2F
0-1: 3-RUN HOME RUN (Flyball, 7LD), Distance : 313 ft
Batting: LHB Steve Herman 0-0: Ball
1-0: Ball
2-0: Ball
3-0: Called Strike
3-1: Base on Balls
Batting: RHB Eddy Davenport 0-0: Ball
1-0: Ball
2-0: Ball
3-0: Called Strike
3-1: Base on Balls
Steve Herman to second
Batting: LHB Gene Riddle 0-0: Ball
1-0: Called Strike
1-1: Swinging Strike
1-2: Ball
2-2: Strikes out looking
Bottom of the 5th over - 3 run(s), 1 hit(s), 1 error(s), 2 left on base; Xavier 3 - Southern California 4
TOP OF THE 6TH
Xavier Musketeers batting - Pitching for Southern California Trojans : RHP Carlos Encarnación
Pitching: LHP Félix Velasco
Batting: RHB Bobby Doyle 0-0: Ball
1-0: Foul Ball, location: 2F
1-1: Ball
2-1: Ball
3-1: Called Strike
3-2: Foul Ball, location: 2F
3-2: Foul Ball, location: 2F
3-2: Foul Ball, location: 2F
3-2: Foul Ball, location: 2F
3-2: Strikes out looking
Batting: LHB Bobby Meegan 0-0: Ball
1-0: Foul Ball, location: 2F
1-1: Ball
2-1: Foul Ball, location: 2F
2-2: Strikes out swinging
Batting: RHB Art Cornell 0-0: Fly out, F9 (Flyball, 89M)
Top of the 6th over - 0 run(s), 0 hit(s), 0 error(s), 0 left on base; Xavier 3 - Southern California 4
BOTTOM OF THE 6TH
Southern California Trojans batting - Pitching for Xavier Musketeers : RHP Clyde Fisher
Batting: SHB Will O'Clerkin 0-0: Ball
1-0: Called Strike
1-1: Ground out 4-3 (Groundball, 4)
Batting: RHB Ben Martínez 0-0: Called Strike
0-1: Ball
1-1: Swinging Strike
1-2: Foul Ball, location: 2F
1-2: Ground out 4-3 (Groundball, 4)
Batting: RHB Ben Byrd 0-0: Ball
1-0: Foul Ball, location: 2F
1-1: Ball
2-1: Foul Ball, location: 2F
2-2: Foul Ball, location: 2F
2-2: Ball
3-2: Base on Balls
Batting: RHB John Fergusson 0-0: Fly out, F8 (Flyball, 89M)
Bottom of the 6th over - 0 run(s), 0 hit(s), 0 error(s), 1 left on base; Xavier 3 - Southern California 4
TOP OF THE 7TH
Xavier Musketeers batting - Pitching for Southern California Trojans : LHP Félix Velasco
Batting: RHB Florentino López 0-0: Called Strike
0-1: Swinging Strike
0-2: Ground out 4-3 (Groundball, 4)
Batting: LHB Freddy Torres 0-0: Called Strike
0-1: Ball
1-1: Ball
2-1: Ground out 5-3 (Groundball, 56S)
Batting: RHB Jeff Lawrence 0-0: Swinging Strike
0-1: Called Strike
0-2: Ball
1-2: Ball
2-2: Strikes out swinging
Top of the 7th over - 0 run(s), 0 hit(s), 0 error(s), 0 left on base; Xavier 3 - Southern California 4
BOTTOM OF THE 7TH
Southern California Trojans batting - Pitching for Xavier Musketeers : RHP Clyde Fisher
Batting: LHB Kel Smith 0-0: Ball
1-0: Foul Ball, location: 2F
1-1: Swinging Strike
1-2: Ground out 4-3 (Groundball, 4)
Batting: RHB Mike Carter 0-0: Ball
1-0: Called Strike
1-1: Ball
2-1: Swinging Strike
2-2: Ball
3-2: Strikes out swinging
Batting: LHB Steve Herman 0-0: Foul Ball, location: 2F
0-1: Ball
1-1: Ground out 4-3 (Groundball, 4S)
Bottom of the 7th over - 0 run(s), 0 hit(s), 0 error(s), 0 left on base; Xavier 3 - Southern California 4
TOP OF THE 8TH
Xavier Musketeers batting - Pitching for Southern California Trojans : LHP Félix Velasco
Now in LF: Homer Griffin
Batting: LHB Luis Martínez 0-0: Called Strike
0-1: Ball
1-1: DOUBLE (Line Drive, 5D)
Batting: LHB Pancho Robles 0-0: Ball
1-0: Ball
2-0: Ball
3-0: Base on Balls
Pitching: RHP William Spencer
Batting: RHB Les Rupp 0-0: Bunted foul
0-1: Bunt missed!
0-2: Ball
Wild Pitch!
Luis Martínez to third
Pancho Robles to second
1-2: Foul Ball, location: 2F
1-2: Foul Ball, location: 2F
1-2: Strikes out looking
Batting: RHB Bobby Doyle 0-0: Ball
1-0: Ball
2-0: Ball
3-0: Called Strike
3-1: Called Strike
3-2: Base on Balls
Pitching: LHP Kyle Harden
Batting: LHB Bobby Meegan 0-0: Ball
1-0: Grounds into double play, 1-2-3 (Groundball, 13S)
Top of the 8th over - 0 run(s), 1 hit(s), 0 error(s), 2 left on base; Xavier 3 - Southern California 4
BOTTOM OF THE 8TH
Southern California Trojans batting - Pitching for Xavier Musketeers : RHP Clyde Fisher
Batting: RHB Eddy Davenport 0-0: Called Strike
0-1: Foul Ball, location: 2F
0-2: Ball
1-2: Fly out, F5 (Line Drive, 56)
Pitching: RHP Bob Taylor
Batting: LHB Gene Riddle 0-0: Called Strike
0-1: Ball
1-1: Called Strike
1-2: Strikes out looking
Batting: SHB Will O'Clerkin 0-0: Ground out 4-3 (Groundball, 4M)
Bottom of the 8th over - 0 run(s), 0 hit(s), 0 error(s), 0 left on base; Xavier 3 - Southern California 4
TOP OF THE 9TH
Xavier Musketeers batting - Pitching for Southern California Trojans : LHP Kyle Harden
Pitching: RHP Brett Hammond
Pinch Hitting: RHB Clifton Powers 0-0: Swinging Strike
0-1: Ball
1-1: Foul Ball, location: 2F
1-2: Ball
2-2: Ball
3-2: Strikes out swinging
Batting: RHB Florentino López 0-0: Ball
1-0: Foul Ball, location: 2F
1-1: Ball
2-1: Swinging Strike
2-2: Strikes out swinging
Batting: LHB Freddy Torres 0-0: Ball
1-0: Foul Ball, location: 2F
1-1: Swinging Strike
1-2: Strikes out swinging
Top of the 9th over - 0 run(s), 0 hit(s), 0 error(s), 0 left on base; Xavier 3 - Southern California 4
Tuesday, August 8th, 2017 - OOTP Baseball 17.12 Build 75